 Dungeon Crawl Stone Soup version 0.28.0-53-g5a82cb258f (webtiles) character file.

Game seed: 13972707260673771453

3642 pkoi the Conjurer (level 9, -1/71 HPs)
             Began as a Demigod Hedge Wizard on May 31, 2022.
             Slain by a shadow (24 damage)
             ... on level 8 of the Dungeon.
             The game lasted 00:18:51 (18839 turns).

pkoi the Conjurer (Demigod Hedge Wizard)           Turns: 18839, Time: 00:18:51

Health: -1/71      AC:  7    Str: 13    XL:     9   Next: 57%
Magic:  11/21      EV: 13    Int: 28    God:
Gold:   250        SH:  0    Dex: 13    Spells: 9/20 levels left

rFire   . . .      SeeInvis .   n - staff of conjuration
rCold   . . .      Faith    .   (no shield)
rNeg    . . .      Spirit   .   b - +0 robe
rPois   .          Reflect  .   p - +0 helmet
rElec   .          Harm     .   q - +0 cloak
rCorr   .          Rampage  .   y - +0 pair of gloves "Sefas" {Str+2}
Will    .....                   w - +1 pair of boots
Stlth   ++........              (no amulet)
HPRegen 0.21/turn               (no ring)
MPRegen 0.17/turn               (no ring)

@: no status effects
A: high MP 1, forlorn, divine attributes
a: no special abilities


You were on level 8 of the Dungeon.
You visited 2 branches of the dungeon, and saw 10 of its levels.

You collected 406 gold pieces.
You spent 156 gold pieces at shops.

Inventory:

Hand Weapons
 a - a +0 dagger
 e - a +0 whip
 i - a +0 dagger of draining
 l - a +0 rapier of chaos
 o - a +2 short sword of speed
Armour
 b - a +0 robe (worn)
 c - a +0 hat
 p - a +0 helmet (worn)
 q - a +0 cloak (worn)
 w - a +1 pair of boots (worn)
 y - the +0 pair of gloves "Sefas" (worn) {Str+2}
   (You found it on level 8 of the Dungeon)

   Str:       It affects your strength (+2).
Magical Staves
 n - a staff of conjuration (weapon)
Jewellery
 g - an amulet of magic regeneration
Wands
 k - a wand of mindburst (5)
 u - a wand of digging (3)
 A - a wand of iceblast (7)
Scrolls
 d - a scroll of fear
 f - 2 scrolls of magic mapping
 r - a scroll of blinking
 v - 3 scrolls of identify
 x - a scroll of enchant armour
 B - a scroll of teleportation
Potions
 h - 7 potions of curing
 j - 2 potions of haste
 m - 3 potions of heal wounds
 s - a potion of berserk rage
 t - a potion of lignification
 z - a potion of brilliance


   Skills:
 + Level 3.8 Fighting
 + Level 3.7 Armour
 + Level 4.3 Dodging
 - Level 1.7 Stealth
 - Level 6.0 Spellcasting
 - Level 6.0 Conjurations
 - Level 3.0 Summonings
 - Level 0.8 Translocations
 - Level 3.0 Fire Magic
 - Level 3.0 Air Magic
 - Level 3.0 Poison Magic
 + Level 2.7 Evocations


You had 9 spell levels left.
You knew the following spells:

 Your Spells              Type           Power      Damage    Failure   Level
a - Magic Dart            Conj           100%       1d8       1%          1
b - Blink                 Tloc           26%        N/A       6%          2
c - Conjure Flame         Conj/Fire      50%        6-21      2%          3
d - Call Imp              Summ           25%        N/A       2%          2
e - Mephitic Cloud        Conj/Pois/Air  46%        N/A       3%          3

Your spell library contained the following spells:

 Spells                   Type           Power      Damage    Failure   Level
 Animate Skeleton         Necr           16%        N/A       6%          1
 Pain                     Necr           32%        1d5       6%          1
 Slow                     Hex            32%        N/A       6%          1
 Gell's Gravitas          Tloc           13%        N/A       13%         3
 Lesser Beckoning         Tloc           13%        N/A       13%         3
 Teleport Other           Tloc           13%        N/A       13%         3
 Vampiric Draining        Necr           8%         2d6       19%         3


Dungeon Overview and Level Annotations

Branches:
Dungeon (9/15)             Temple (0/1) D:5            Lair (1/6) D:8
    Orc: D:9-12

Shops:
D:5 ?=!(:   D:7 *


Innate Abilities, Weirdness & Mutations

You have an increased reservoir of magic. (+10% MP)
You shall have no god before yourself.
Your divine heritage dramatically boosts your attributes as you level up.


Message History

Reactivating autopickup.
Casting: Magic Dart (safe; 1% risk of failure)
Confirm with . or Enter, or press ? or * to list all spells.
You feel a surge of power!
The fire begins to smoulder!
The shadow hits you!
* * * LOW HITPOINT WARNING * * *
Casting: Conjure Flame (mildly dangerous; 2% risk of failure)
Confirm with . or Enter, or press ? or * to list all spells.
You feel a surge of power!
The fire ignites!
You are engulfed in blazing flames.
* * * LOW HITPOINT WARNING * * *
The shadow hits you.
* * * LOW HITPOINT WARNING * * *
You are too injured to fight recklessly!
You are too injured to fight recklessly!
You are too injured to fight recklessly!
Aiming: Magic Dart (safe; 1% risk of failure)
Press: ? - help, Q - select action, (/) - cycle Shift-Dir - straight line, f/p - shadow
Aim: a shadow (lightly damaged, 100% to hit)
You feel a surge of power!
The magic dart hits the shadow but does no damage.
The shadow is lightly damaged.
The shadow slips into darkness.
The shadow flickers and vanishes!
Deactivating autopickup; reactivate with Ctrl-A.
Aiming: Magic Dart (safe; 1% risk of failure)
Press: ? - help, Q - select action, (/) - cycle Shift-Dir - straight line, f - you You feel a surge of power!
That beam is likely to hit you.
Continue anyway?
Okay, then.
There is an open door here.
Aiming: Magic Dart (safe; 1% risk of failure)
Press: ? - help, Q - select action, (/) - cycle Shift-Dir - straight line, f - you You feel a surge of power!
That beam is likely to hit you.
Continue anyway?
Okay, then.
Aiming: Magic Dart (safe; 1% risk of failure)
Press: ? - help, Q - select action, (/) - cycle Shift-Dir - straight line You feel a surge of power!
The magic dart hits something.
The shadow strikes at you from the darkness!
You die...

##........#####.#..##.#.##.......
##........# #.#..##.#.##..P....
##........#####.#..##.#.###......
##........##....#...#.....#......
#####'######....########.###.....
#####.######....#.........###...#
..........#####.#.######.[#.##.##
#####.###.#####.#{### ##.#......
### #.###.#.....@...# #........
..# #.....#)####....# ##.......
#.# #######.# #....# #.>..... #.#
#.# #....# ###..... #.# #.#
#....# ###### #.# #.#
#....############# #.# #.#
#....(..).)....... #.#
#.####....############. #.#
#..............^..# #.


There were no monsters in sight!

Vanquished Creatures
  Grinder (D:4)
  2 trolls
  A wraith (D:8)
  Menkaure (D:4)
  3 wargs
  A water moccasin (D:8)
  An ice beast (D:8)
  An orc warrior (D:7)
  An ogre (D:7)
  A centaur (D:8)
  2 phantoms
  2 bullfrogs
  Blork the orc (D:5)
  6 scorpions
  A wyvern skeleton (D:7)
  A water moccasin skeleton (D:7)
  3 wights (D:8)
  A howler monkey (D:6)
  4 hounds
  A centaur zombie (D:7)
  2 jellies
  2 bullfrog skeletons
  5 orc priests
  A centaur skeleton (D:6)
  3 iguanas
  7 orc wizards
  A killer bee zombie (D:6)
  A hound zombie (D:5)
  A howler monkey zombie (D:8)
  15 adders
  A shadow imp (D:6)
  2 white imps
  An adder zombie (D:5)
  3 worms
  3 dart slugs
  13 orcs
  8 ball pythons
  8 endoplasms
  5 giant cockroaches
  7 goblins
  6 hobgoblins
  2 jackals (D:5)
  3 bats
  2 frilled lizards
  7 kobolds
  A rat (D:2)
145 creatures vanquished.

Notes
Turn   | Place    | Note
-------+----------+-------------------------------------------
     0 | D:1      | pkoi the Demigod Hedge Wizard began the quest for the Orb.
     0 | D:1      | Reached XP level 1. HP: 14/14 MP: 6/6
    10 | D:1      | Reached skill level 1 in Conjurations
  1272 | D:2      | Reached XP level 2. HP: 20/20 MP: 0/8
  2122 | D:2      | Reached XP level 3. HP: 13/26 MP: 1/9
  3378 | D:2      | Learned a level 2 spell: Blink
  3382 | D:2      | Learned a level 3 spell: Conjure Flame
  3520 | D:2      | Reached XP level 4. HP: 33/33 MP: 8/10
  4078 | D:3      | Learned a level 2 spell: Call Imp
  4509 | D:3      | Noticed a spectral ugly thing
  4671 | D:3      | Reached XP level 5. HP: 28/38 MP: 5/12
  5893 | D:4      | Noticed Menkaure
  5913 | D:4      | Killed Menkaure
  5914 | D:4      | Reached skill level 5 in Conjurations
  5914 | D:4      | Reached XP level 6. HP: 16/45 MP: 2/14
  6310 | D:4      | Learned a level 3 spell: Mephitic Cloud
  6996 | D:4      | Noticed Grinder
  7010 | D:4      | Paralysed by Grinder for 3 turns
  7402 | D:5      | Entered Level 5 of the Dungeon
  7948 | D:5      | Found Hevot's Antique Weapon Boutique.
  8006 | D:5      | Reached XP level 7. HP: 50/50 MP: 7/17
  8448 | D:5      | Reached skill level 5 in Spellcasting
  8722 | D:5      | Noticed Blork the orc
  8748 | D:5      | Killed Blork the orc
  9355 | D:5      | Reached skill level 1 in Summonings
  9438 | D:5      | Found Feguraur's Magic Scroll Boutique.
  9463 | D:5      | Noticed a troll
  9576 | D:5      | Killed a troll
  9577 | D:5      | Reached skill level 1 in Fire Magic
  9577 | D:5      | Reached skill level 1 in Air Magic
  9577 | D:5      | Reached skill level 1 in Poison Magic
  9810 | D:5      | Found Ehauwari's Book Shoppe.
  9867 | D:5      | Reached XP level 8. HP: 57/57 MP: 14/20
 10104 | D:5      | Found Tiatt's Distillery.
 10112 | D:5      | Bought a potion of degeneration for 13 gold pieces
 10112 | D:5      | Bought a potion of curing for 39 gold pieces
 10112 | D:5      | Bought a potion of mutation for 104 gold pieces
 10177 | D:5      | Found a staircase to the Ecumenical Temple.
 10195 | D:5      | Found Ampi's Jewellery Shop.
 10897 | D:6      | Identified the +1 hand crossbow of Piohig {flame, rPois
                  | Int+4}
 11686 | D:6      | Noticed a troll
 11871 | D:6      | Killed a troll
 11872 | D:6      | Reached skill level 1 in Fighting
 11872 | D:6      | Reached skill level 1 in Armour
 13036 | D:4      | Paralysed by Grinder for 6 turns
 13091 | D:4      | Killed Grinder
 14330 | D:7      | Found Qoeg's Serpentskin Sales.
 14532 | D:7      | Reached XP level 9. HP: 63/67 MP: 11/21
 15282 | D:8      | Identified the +0 pair of gloves "Sefas" {Str+2}
 15433 | D:7      | Reached skill level 1 in Evocations
 16454 | D:8      | Found a staircase to the Lair.
 18775 | Lair:1   | Entered Level 1 of the Lair of Beasts
 18775 | Lair:1   | Noticed a four-headed hydra
 18803 | D:9      | Noticed a two-headed ogre
 18839 | D:8      | Slain by a shadow

Illustrated notes

Levels and vault maps discovered:
D:1:      dpeg_arrival_shelter, layout_basic, ebering_ecumenical_altar_petrified
D:2:      layout_loops_corners, dk_vineyard_1
D:3:      layout_loops_corners, regret_index_temple_of_mockery,
          mainiacjoe_overflow_six_doors_small, minmay_crystal_water
D:4:      layout_basic, nicolae_wu_jian_glorious_leap, minmay_misc_feat_rugged,
          eino_tiny_chamber, uniq_grinder, uniq_menkaure
D:5:      layout_basic, minmay_temple_entry_mist, serial_shops, shop,
          nicolae_diamond_shop, shop, shop, shop, uniq_blork_the_orc
D:6:      layout_basic
D:7:      layout_basic, guppyfry_shop_venom
D:8:      layout_basic, erik_lair_orcish_takeover, roderic_lattice_a
D:9:      layout_cave_pools
Lair:1:   layout_regular_city

Skill      XL: |  1  2  3  4  5  6  7  8  9 |
---------------+----------------------------+-----
Conjurations   | 2 3 4 5 6 |  6.0
Spellcasting   | 3 4 6 |  6.0
Summonings     | 1 3 |  3.0
Fire Magic     | 1 3 |  3.0
Air Magic      | 1 2 3 |  3.0
Poison Magic   | 1 2 3 |  3.0
Dodging        | 3 4 |  4.3
Fighting       | 2 3 |  3.8
Armour         | 2 3 |  3.7
Evocations     | 2 |  2.7
Stealth        | |  1.7
Translocations | |  0.8

Action                   |  1- 3 |  4- 6 |  7- 9 || total
-------------------------+-------+-------+-------++-------
Melee: Whip              |     6 |       |       ||     6
       Rapier            |       |     3 |       ||     3
       Short sword       |       |     9 |       ||     9
       Staff             |       |       |    16 ||    16
Throw: Throwing net      |       |     1 |       ||     1
 Cast: Magic Dart        |    93 |   155 |   432 ||   680
       Call Imp          |       |     2 |       ||     2
       Conjure Flame     |       |     4 |    21 ||    25
       Mephitic Cloud    |       |     3 |    10 ||    13
       Blink             |       |       |     4 ||     4
Evoke: Wand              |       |       |    11 ||    11
  Use: Scroll            |       |       |     9 ||     9
       Potion            |       |       |     4 ||     4
Armor: Robe              |     4 |     4 |    46 ||    54
Dodge: Dodged            |    10 |    22 |   108 ||   140
